 Dungeon Crawl Stone Soup version 0.31-a0-202-g547052bce9 (webtiles) character file.

Game seed: 9997380559719610447

40 qw the Shooter (level 3, -2/20 HPs)
             Began as a Deep Elf Hunter on June 26, 2023.
             Killed from afar by a dart slug (4 damage)
             ... with a slug dart
             ... on level 2 of the Dungeon.
             The game lasted 00:00:25 (973 turns).

qw the Shooter (Deep Elf Hunter)                     Turns: 973, Time: 00:00:25

Health: -2/20      AC:  3    Str: 10    XL:     3   Next: 30%
Magic:  5/5        EV: 12    Int: 13    God:
Gold:   31         SH:  0    Dex: 18    Spells: 2/2 levels left

rFire   . . .        Y - +0 shortbow
rCold   . . .        (shield currently unavailable)
rNeg    . . .        c - +0 leather armour
rPois   .            (no helmet)
rElec   .            (no cloak)
rCorr   .            (no gloves)
SInv    .            (no boots)
Will    .....        (no amulet)
Stlth   ++           (no ring)
HPRegen 0.23/turn    (no ring)
MPRegen 0.09/turn

%: no passive effects
@: about to teleport
A: no striking features
a: no special abilities


You were on level 2 of the Dungeon.
You visited 1 branch of the dungeon, and saw 2 of its levels.

You collected 71 gold pieces.
You spent 40 gold pieces at shops.


   Skills:
 - Level 1.5 Fighting
 + Level 6.9 Ranged Weapons
 - Level 2.4 Dodging
 - Level 1.2 Stealth


You had 2 spell levels left.
You didn't know any spells.
Your spell library was empty.

Inventory:

Hand Weapons
 Y - a +0 shortbow (weapon)
Armour
 c - a +0 leather armour (worn)
Jewellery
 b - a ring of poison resistance
Scrolls
 a - 3 scrolls of identify
 h - a scroll of teleportation
Potions
 e - a potion of curing
 f - a potion of degeneration {unknown}
 g - a potion of might

Dungeon Overview and Level Annotations

Branches:
Dungeon (2/15)

Altars:

Shops:
D:2 ?


Message History

You shoot an arrow. The arrow barely misses the jackal.
The arrow hits the jackal.
The jackal is moderately wounded.
The jackal bites you but does no damage.
The goblin misses you. The dart slug closely misses you.
You shoot an arrow. The arrow hits the jackal.
You kill the jackal!
The jackal closely misses you. x2; The goblin hits you with a +0 dagger.
You shoot an arrow. The arrow barely misses the jackal.
The jackal barely misses you. x2; The dart slug barely misses you.
The jackal bites you but does no damage.
The goblin hits you but does no damage. The jackal closely misses you.
You shoot an arrow. The arrow hits the jackal.
You kill the jackal!
The jackal bites you. The goblin hits you with a +0 dagger.
The dart slug launches a dart at you.
The slug dart hits you but does no damage.
You shoot an arrow.
The arrow hits the dart slug but does no damage.
The jackal closely misses you. The goblin misses you. The dart slug bites you.
The jackal barely misses you.
You shoot an arrow.
The arrow hits the dart slug but does no damage.
The goblin hits you with a +0 dagger. The jackal closely misses you.
The dart slug bites you but does no damage.
971 ||| READING 2 scrolls of teleportation.
As you read the scroll of teleportation, it crumbles to dust.
You feel strangely unstable. The jackal bites you.
The goblin closely misses you. The jackal closely misses you.
You shoot an arrow. The arrow hits the dart slug.
The dart slug is moderately wounded.
The goblin hits you but does no damage. The jackal completely misses you.
The dart slug misses you. The goblin hits you with a +0 dagger.
You shoot an arrow. The arrow hits the dart slug.
The dart slug is severely wounded.
The jackal bites you. The dart slug launches a dart at you.
The slug dart hits you.
You die...

....###### #.#......## .
.##>....#...##.<
...............
#...........#
####...........##
.......w.g......
#####.#....@h.$.#
.......#....%.....#
..<.........###....
........##### ...
........#### .. .........%.#
.# ... ......(###.# .#
#..####### ....... #.##.##
#.........
.......###.....####..#......


You could see a dart slug, a jackal and a goblin.

Vanquished Creatures
  A worm (D:2)
  2 endoplasms (D:1)
  2 giant cockroaches
  A goblin (D:1)
  4 hobgoblins
  7 jackals
  5 ball pythons
  5 bats
  A frilled lizard (D:1)
  3 kobolds (D:1)
  4 rats
35 creatures vanquished.

Notes
Turn   | Place    | Note
-------+----------+-------------------------------------------
     0 | D:1      | qw the Deep Elf Hunter began the quest for the Orb.
     0 | D:1      | Reached XP level 1. HP: 12/12 MP: 3/3
     0 | D:1      | 0 ||| qw: Version: 0.3-a-22-g0ed2b0b
     0 | D:1      | 0 ||| qw: Game counter: 6312
     0 | D:1      | 0 ||| qw: Melee chars always use a shield: true
     0 | D:1      | 0 ||| qw: God list: Okawaru
     0 | D:1      | 0 ||| qw: Allow faded altars: false
     0 | D:1      | 0 ||| qw: Do Orc after clearing Dungeon:15 true
     0 | D:1      | 0 ||| qw: Do second Lair branch before Depths: true
     0 | D:1      | 0 ||| qw: Lair rune preference: random
     0 | D:1      | 0 ||| qw: Goals: Normal
     0 | D:1      | 0 ||| PLANNING D:1-11
   106 | D:1      | Reached XP level 2. HP: 16/16 MP: 4/4
   120 | D:1      | Reached skill level 6 in Ranged Weapons
   369 | D:1      | Found a faded altar of an unknown god.
   829 | D:1      | 829 ||| READING scroll labelled NIELAM ITIME.
   830 | D:1      | 830 ||| READING 3 scrolls labelled HOUTUFUO GUURO.
   835 | D:1      | 835 ||| DRINKING 2 black potions.
   836 | D:1      | 836 ||| DRINKING 2 murky dark potions.
   837 | D:1      | 837 ||| DROPPING scroll of butterflies.
   858 | D:2      | Found Ehiqyrub's Magic Scroll Shop.
   863 | D:2      | 863 ||| BUYING 2 scrolls of identify (40 gold).
   863 | D:2      | Bought 2 scrolls of identify for 40 gold pieces
   863 | D:2      | 863 ||| SHOPLISTING scroll of enchant armour (75 gold, have
                  | 13).
   863 | D:2      | 863 ||| SHOPLISTING scroll of enchant weapon (75 gold, have
                  | 13).
   863 | D:2      | 863 ||| SHOPLISTING scroll of identify (20 gold, have 13).
   866 | D:2      | Reached XP level 3. HP: 20/20 MP: 5/5
   970 | D:2      | HP: 5/20 [goblin/+0 dagger (2)]
   971 | D:2      | 971 ||| READING 2 scrolls of teleportation.
   973 | D:2      | HP: 2/20 [jackal (1)]
   973 | D:2      | Killed from afar by a dart slug

Levels and vault maps discovered:
D:1:      wander_arrival_desolate, layout_basic, basic_ecumenical_altar,
          item_on_display_a
D:2:      layout_rooms, serial_shops, shop, shop, nicolae_shop_drivethru,
          lightli_corner_chamber

Skill      XL: |  1  2 |
---------------+-------+-----
Ranged Weapons | 6 |  6.9
Fighting       | |  1.5
Dodging        | |  2.4
Stealth        | |  1.2

Action                     || total
---------------------------++-------
   Fire: Shortbow          ||   104
    Use: Scroll            ||     3
         Potion            ||     2
 Armour: Leather armour    ||    17
  Dodge: Dodged            ||    36

Table legend:
 A = Non-vault XP
 B = Vault XP
 C = Vault XP percentage of total XP
 D = Non-vault monster count
 E = Vault monster count
 F = Vault count percentage of total count
                 A         B        C        D         E       F
            +---------+---------+-------+---------+---------+-------
      Total |      58 |       0 |   0.0 |      35 |       0 |   0.0
            +---------+---------+-------+---------+---------+-------
        D:1 |      38 |       0 |   0.0 |      25 |       0 |   0.0
        D:2 |      20 |       0 |   0.0 |      10 |       0 |   0.0
            +---------+---------+-------+---------+---------+-------
